 Dungeon Crawl Stone Soup version 0.27-a0-1140-g099f9bb0e8 (webtiles) character file.

Game seed: 17807544161965659008

347 ZeeToo the Slasher (level 6, -7/33 HPs)
             Began as a Vine Stalker Monk on May 9, 2021.
             Was a Believer of Ru.
             Mangled by an ogre
             ... wielding a +0 giant spiked club
              (27 damage)
             ... on level 4 of the Dungeon.
             The game lasted 00:15:15 (3205 turns).

ZeeToo the Slasher (Vine Stalker Monk)              Turns: 3205, Time: 00:15:16

Health: -7/33      AC:  5    Str: 15    XL:     6   Next: 59%
Magic:  0/7        EV: 13    Int: 10    God:    Ru [**....]
Gold:   134        SH:  0    Dex: 17    Spells: 5/5 levels left

rFire    . . .     SeeInvis .   a - +0 falchion
rCold    . . .     Faith    .   (no shield)
rNeg     . . .     Spirit   +   b - +0 robe
rPois    .         Reflect  .   f - +0 helmet
rElec    .         Harm     .   (no cloak)
rCorr    .         Rampage  .   (no gloves)
Will     .....                  x - +1 pair of boots
Stlth    ++........             (no amulet)
HPRegen  1.11/turn              (no ring)
MPRegen  0.10/turn              (no ring)

@: no status effects
A: fangs 2, regeneration 1, magic shield, antimagic bite, no potion heal 2,
inexperienced 1
a: Renounce Religion


You were on level 4 of the Dungeon.
You worshipped Ru.
Ru was pleased with you.
You visited 1 branch of the dungeon, and saw 4 of its levels.

You collected 134 gold pieces.

Inventory:

Hand Weapons
 a - a +0 falchion (weapon)
Missiles
 c - 50 stones (quivered)
 q - 5 javelins
 r - 14 boomerangs
 w - 2 throwing nets
Armour
 b - a +0 robe (worn)
 f - a +0 helmet (worn)
 x - a +1 pair of boots (worn)
Jewellery
 t - a +6 ring of intelligence
 u - a ring of ice
Wands
 s - a wand of iceblast (7)
Scrolls
 d - 3 scrolls of identify {unknown}
 e - 2 scrolls of teleportation {unknown}
 k - a scroll of brand weapon {unknown}
 n - a scroll of torment {unknown}
 o - 2 scrolls of fog {unknown}
 p - a scroll of noise {unknown}
 y - a scroll of amnesia {unknown}
Potions
 g - 3 potions of curing {unknown}
 h - a potion of attraction {unknown}
 i - 2 potions of heal wounds {unknown}
 j - a potion of berserk rage {unknown}
 l - 2 potions of haste {unknown}
 m - a potion of lignification {unknown}
 v - a potion of magic {unknown}


   Skills:
 - Level 4.0 Fighting
 * Level 5.5 Long Blades
 + Level 1.7 Throwing
 - Level 2.4 Dodging
 - Level 2.4 Stealth


You had 5 spell levels left.
You didn't know any spells.
Your spell library contained the following spells:

 Spells                   Type           Power      Damage    Failure   Level
 Confusing Touch          Hex            0%         N/A       75%         3
 Gell's Gravitas          Tloc           0%         N/A       75%         3
 Petrify                  Tmut/Erth      0%         N/A       98%         4
 Metabolic Englaciation   Hex/Ice        0%         N/A       100%        5
 Yara's Violent Unravell  Hex/Tmut       0%         3d3       100%        5


Dungeon Overview and Level Annotations

Branches:
Dungeon (4/15)
 Temple: D:4-7

Altars:
Elyvilon
Ru

Shops:
D:3 [


Innate Abilities, Weirdness & Mutations

You have extremely sharp teeth.
Your natural rate of healing is unusually fast.
When hurt, damage is shared between your health and your magic reserves.
Your bite disrupts and absorbs the magic of your enemies.
Potions cannot restore your health.
You are somewhat inexperienced. (-2 XL)


Message History

An ogre comes into view. It is wielding a +0 giant spiked club.
Throw: 55 stones
Press: ? - help, Q - select action, (/) - cycle Shift-Dir - straight line, f - ogre
Aim: an ogre, wielding a +0 giant spiked club (wandering, hasn't noticed you, 76% to hit)
You throw a stone. The stone barely misses the ogre.
The ogre shouts!
You hear a shout!
Throw: 54 stones
Press: ? - help, Q - select action, (/) - cycle Shift-Dir - straight line, f/p - ogre
Aim: an ogre, wielding a +0 giant spiked club (76% to hit)
You throw a stone. The stone closely misses the ogre.
Throw: 53 stones
Press: ? - help, Q - select action, (/) - cycle Shift-Dir - straight line, f/p - ogre
Aim: an ogre, wielding a +0 giant spiked club (76% to hit)
You throw a stone.
The stone hits the ogre but does no damage.
Throw: 52 stones
Press: ? - help, Q - select action, (/) - cycle Shift-Dir - straight line, f/p - ogre
Aim: an ogre, wielding a +0 giant spiked club (76% to hit)
You throw a stone. The stone barely misses the ogre.
Throw: 51 stones
Press: ? - help, Q - select action, (/) - cycle Shift-Dir - straight line, f/p - ogre
Aim: an ogre, wielding a +0 giant spiked club (76% to hit)
You throw a stone. The stone completely misses the ogre.
You hit the ogre. You bite the ogre. You drain its power.
The ogre is moderately wounded.
The ogre barely misses you.
You hit the ogre. You bite the ogre. You drain its power.
The ogre is moderately wounded.
The ogre hits you with a +0 giant spiked club!
You hit the ogre. You bite the ogre. You drain its power.
You feel invigorated.
The ogre is heavily wounded.
You hit the ogre.
The ogre is severely wounded.
The ogre hits you with a +0 giant spiked club!
You hit the ogre. You bite the ogre, but do no damage.
The ogre is almost dead.
The ogre hits you with a +0 giant spiked club!!
Ouch! That really hurt!
You die...

... (...# ....
#...# .......
#(..# ......... .
#...# #.........
.. ##...# #...
....#. #..#....##
#.... #....
#......O.###....#
#...
#.....@.#....#
##...
##.........#
#.... #.........#
#....
#...####...#
##.... #..#
#...## #....#
#.". #....#
#...## ...
##....## ##...#
..
#......####...###
#................


You could see an ogre.

Vanquished Creatures
  A necrophage (D:3)
  Jessica (D:2)
  An orc wizard (D:3)
  Robin (D:3)
  6 gnolls
  3 adders (D:3)
  2 worms
  3 orcs (D:3)
  6 endoplasms
  A giant cockroach (D:1)
  12 goblins
  8 hobgoblins
  4 jackals (D:1)
  7 kobolds
  A quokka (D:4)
  2 ball pythons (D:1)
  8 bats
  A frilled lizard (D:1)
  5 rats
73 creatures vanquished.

Vanquished Creatures (others)
  A scorpion (D:4)
  A goblin (D:1)
  A rat (D:3)
3 creatures vanquished.

Grand Total: 76 creatures vanquished

Notes
Turn   | Place    | Note
-------+----------+-------------------------------------------
     0 | D:1      | ZeeToo the Vine Stalker Monk began the quest for the Orb.
     0 | D:1      | Reached XP level 1. HP: 11/11 MP: 2/2
    56 | D:1      | Reached skill level 3 in Long Blades
    94 | D:1      | Reached XP level 2. HP: 15/16 MP: 3/3
   445 | D:1      | Reached XP level 3. HP: 16/19 MP: 4/4
   504 | D:1      | Found a faded altar of an unknown god.
   508 | D:1      | Became a worshipper of Ru the Awakened
   522 | D:1      | Gained mutation: You are somewhat inexperienced. (-2 XL)
                  | [Ru sacrifice]
   522 | D:1      | Reached XP level 2. HP: 16/16 MP: 3/3
   522 | D:1      | Reached XP level 1. HP: 11/11 MP: 2/2
   522 | D:1      | Reached * piety under Ru
   522 | D:1      | Reached ** piety under Ru
  1284 | D:2      | Noticed Jessica
  1324 | D:2      | Reached skill level 4 in Long Blades
  1324 | D:2      | Reached XP level 2. HP: 16/16 MP: 3/3
  1434 | D:2      | Killed Jessica
  1435 | D:2      | Reached XP level 3. HP: 19/19 MP: 4/4
  1802 | D:2      | Gained mutation: Your natural rate of healing is unusually
                  | fast. [Vine Stalker growth]
  1802 | D:2      | Reached XP level 4. HP: 23/23 MP: 5/5
  2406 | D:3      | Noticed Robin
  2411 | D:3      | Killed Robin
  2461 | D:3      | Reached XP level 5. HP: 24/28 MP: 6/6
  2569 | D:2      | Reached skill level 5 in Long Blades
  2645 | D:2      | Reached skill level 1 in Throwing
  2805 | D:3      | Noticed a necrophage
  2826 | D:3      | Killed a necrophage
  2827 | D:3      | Reached XP level 6. HP: 31/33 MP: 7/7
  2885 | D:3      | Found Vaumuw's Antique Armour Shop.
  3157 | D:4      | Found a white marble altar of Elyvilon.
  3205 | D:4      | Mangled by an ogre

Illustrated notes

Levels and vault maps discovered:
D:1:      erik_arrival_orb_chamber, layout_rooms,
          hellmonk_ecumenical_altar_lost_god
D:2:      layout_basic, uniq_jessica
D:3:      layout_basic, serial_shops, nicolae_shop_window_shopping, uniq_robin
D:4:      layout_layer_cave, overflow_temple_1_default,
          minmay_temple_entry_from_below_a, uniq_ijyb

Skill      XL: |  1  2  3  4  5  6 |
---------------+-------------------+-----
Long Blades    | 4 5 |  5.5
Fighting       | 3 4 |  4.0
Throwing       | 1 |  1.7
Dodging        | |  2.4
Stealth        | |  2.4

Action                   |  1- 3 |  4- 6 || total
-------------------------+-------+-------++-------
Melee: Falchion          |    75 |   150 ||   225
       Bite              |    22 |    47 ||    69
Throw: Javelin           |     6 |     2 ||     8
       Stone             |     7 |    13 ||    20
Invok: Sacrifice Experie |     1 |       ||     1
Evoke: Wand              |       |     1 ||     1
 Stab: Sleeping          |     4 |     2 ||     6
       Invisible         |       |     1 ||     1
Armor: Robe              |    19 |    21 ||    40
Dodge: Dodged            |    55 |    68 ||   123
       Rpst.: Falchion   |    15 |    15 ||    30

Table legend: (Time is in decaauts)
 A = Elapsed time spent in this place.
 B = Non-inter-level travel time spent in this place.
 C = Inter-level travel time spent in this place.
 D = Time resting spent in this place.
 E = Time spent auto-exploring this place.
 F = Levels seen in this place.
 G = Mean time per level.
                   A        B        C        D        E       F      G
               +--------+--------+--------+--------+--------+-----+--------+
         Total |   3232 |   3079 |    153 |    489 |   1794 |   4 |  808.0 |
       Dungeon |   3232 |   3079 |    153 |    489 |   1794 |   4 |  808.0 |
               +--------+--------+--------+--------+--------+-----+--------+

Top non-repeatable levels by time:
     D:2: 1310 daAuts
     D:1: 923 daAuts
     D:3: 887 daAuts
     D:4: 111 daAuts
